 Dungeon Crawl Stone Soup version 0.27-a0-890-ged2907cb04 (webtiles) character file.

Game seed: 2116411178409210338

12603 Rinkler the Geomancer (level 11, -16/66 HPs)
             Began as a Gargoyle Earth Elementalist on Apr 5, 2021.
             Was an Initiate of Vehumet.
             Killed from afar by an efreet (23 damage)
             ... with a bolt of fire
             ... on level 12 of the Dungeon.
             The game lasted 00:22:02 (14155 turns).

Rinkler the Geomancer (GrEE)                       Turns: 14155, Time: 00:22:03

Health: -16/66     AC: 17    Str: 12    XL:     11   Next: 95%
Magic:  3/31       EV: 13    Int: 22    God:    Vehumet [......]
Gold:   599        SH:  0    Dex: 10    Spells: 4/24 levels left

rFire    . . .     SeeInvis +   t - +3 whip (elec)
rCold    x . .     Faith    .   (no shield)
rNeg     + . .     Spirit   .   x - +1 steam dragon scales
rPois    ∞         Reflect  .   d - +0 helmet
rElec    +         Harm     .   (no cloak)
rCorr    .         Rampage  .   A - +0 pair of gloves
Will     +....                  (no boots)
Stlth    +++.......             k - amulet of the Tarantula {RegenMP rPois rC- MP+9 Slay+4}
HPRegen  0.21/turn              o - ring of see invisible
MPRegen  0.47/turn              u - ring "Hegutt" {Will+ Int+3 Stlth+}

@: no status effects
A: AC +8, negative energy resistance 1, electricity resistance, torment
resistance 1, unbreathing 1, petrification resistance
a: Renounce Religion


You were on level 12 of the Dungeon.
You worshipped Vehumet.
Vehumet was noncommittal.
You visited 2 branches of the dungeon, and saw 13 of its levels.

You collected 599 gold pieces.

Inventory:

Hand Weapons
 a - a +3 flail
 t - a +3 whip of electrocution (weapon)
 D - a +4 flail of flaming
 G - the +5 quarterstaff of Inference {vamp, Contam MP+9 Str-2 Int+7}
   (You found it on level 10 of the Dungeon)

   It inflicts no extra harm, but heals its wielder when it wounds a living foe.
   It affects your strength (-2).
   It affects your intelligence (+7).
   It affects your magic capacity (+9).
   It causes magical contamination when unequipped.
Missiles
 b - 174 stones
 i - 2 throwing nets
 p - a curare-tipped dart
Armour
 d - a +0 helmet (worn)
 x - +1 steam dragon scales (worn)
 A - a +0 pair of gloves (worn)
Jewellery
 e - a ring of fire
 k - the amulet of the Tarantula (around neck) {RegenMP rPois rC- MP+9 Slay+4}
   (You acquired it on level 3 of the Dungeon)

   [amulet of magic regeneration]

   It increases your rate of magic regeneration.
   It affects your accuracy and damage with ranged weapons and melee attacks
   (+4).
   It makes you vulnerable to cold.
   It protects you from poison.
   It affects your magic capacity (+9).
 o - a ring of see invisible (left hand)
 u - the ring "Hegutt" (right hand) {Will+ Int+3 Stlth+}
   (You found it on level 5 of the Dungeon)

   [ring of willpower]

   It affects your intelligence (+3).
   It increases your willpower.
   It makes you more stealthy.
 z - a ring of protection from cold
 B - an amulet of magic regeneration
 I - a ring of fire
Wands
 f - a wand of random effects (17)
 r - a wand of polymorph (10)
 v - a wand of digging (1)
 w - a wand of mindburst (14)
 y - a wand of flame (4)
 H - a wand of iceblast (8)
Scrolls
 c - a scroll of blinking
 j - 4 scrolls of teleportation
 F - a scroll of identify
 J - a scroll of immolation
 L - a scroll of amnesia
Potions
 g - 4 potions of haste
 h - 4 potions of curing
 l - a potion of invisibility
 m - 2 potions of lignification
 n - a potion of flight
 q - 3 potions of attraction
 s - a potion of resistance
 C - a potion of might
 K - 2 potions of berserk rage
Miscellaneous
 E - a lightning rod (3/4)


   Skills:
 + Level 6.5 Fighting
 + Level 6.1 Maces & Flails
 - Level 6.0 Armour
 + Level 5.2 Dodging
 - Level 2.1 Stealth
 + Level 7.4 Spellcasting
 + Level 8.1 Conjurations
 - Level 0.7 Transmutations
 + Level 9.8 Earth Magic
 + Level 5.4 Evocations


You had 4 spell levels left.
You knew the following spells:

 Your Spells              Type           Power      Damage    Failure   Level
a - Sandblast             Erth           100%       2d20      1%          1
b - Stone Arrow           Conj/Erth      94%        3d12      1%          3
c - Lee's Rapid Deconstr  Erth           25%        3d15*     3%          5
d - Iron Shot             Conj/Erth      23%        9d5       30%         6
e - Bolt of Magma         Conj/Fire/Erth 17%        4d9       19%         5

Your spell library contained the following spells:

 Spells                   Type           Power      Damage    Failure   Level
 Shock                    Conj/Air       100%       1d9       1%          1
 Passwall                 Tmut/Erth      25%        N/A       1%          2
 Static Discharge         Conj/Air       26%        N/A       4%          3
 Sting                    Tmut/Pois      36%        1d4       7%          1
 Mephitic Cloud           Conj/Pois/Air  20%        N/A       8%          3
 Petrify                  Tmut/Erth      31%        N/A       9%          4
 Poisonous Vapours        Pois/Air       16%        N/A       12%         2
 Swiftness                Air            8%         N/A       12%         2
 Ignite Poison            Fire/Tmut/Pois 9%         N/A       22%         3
 Confusing Touch          Hex            8%         N/A       24%         3
 Gell's Gravitas          Tloc           4%         N/A       24%         3
 Airstrike                Air            4%         N/A       61%         4
 Olgreb's Toxic Radiance  Pois           8%         N/A       61%         4
 Iskenderun's Battlesphe  Conj           43%        2d9       8%          5
 Lightning Bolt           Conj/Air       13%        1d26      38%         5
 Alistair's Intoxication  Tmut/Pois      6%         N/A       88%         5
 Yara's Violent Unravell  Hex/Tmut       4%         3d4       88%         5
 Metabolic Englaciation   Hex/Ice        4%         N/A       91%         5
 Summon Mana Viper        Hex/Summ       8%         N/A       91%         5
 Orb of Destruction       Conj           21%        9d9       94%         7
 Spellforged Servitor     Conj/Summ      13%        N/A       100%        7


Dungeon Overview and Level Annotations

Branches:
Dungeon (12/15)            Temple (1/1) D:5            Lair (0/6) D:8
    Orc (0/2) D:10

Altars:
Ashenzari
Cheibriados
Dithmenos
Elyvilon
Fedhas
Gozag
Hepliaklqana
Kikubaaqudgha
Makhleb
Nemelex Xobeh
Okawaru
Qazlal
Ru
Sif Muna
Trog
Uskayaw
Vehumet
Wu Jian
Xom
Yredelemnul
Zin
The Shining One

Shops:
D:1 (

Annotations:
D:9 2 transporters, rayg00n's ghost, journeyman DjWz


Innate Abilities, Weirdness & Mutations

Your stone body is resilient. (AC +8)
You are immune to poison.
You resist negative energy. (rN+)
You are resistant to electric shocks. (rElec)
You are resistant to unholy torment.
You can survive without breathing.
You are immune to petrification.


Message History

Press: ? - help, Shift-Dir - straight line, f - deep elf pyromancer
Aim: a deep elf pyromancer, wielding a +2 long sword of protection The thunderbolt hits the deep elf pyromancer!
The deep elf pyromancer is lightly wounded.
You hear an angry buzzing noise.
An efreet comes into view.
It is wielding a +2 scimitar of flaming.
You are too injured to fight recklessly!
Unknown command.
The deep elf pyromancer casts a spell at you.
The sticky flame hits you but does no damage.
You are covered in liquid flames!
You are covered in liquid flames!
You are covered in liquid flames!
You feel better.
Casting: Sandblast (safe; 1% risk of failure)
Confirm with . or Enter, or press ? or * to list all spells.
Aiming: Lee's Rapid Deconstruction (dangerous; 3% risk of failure)
Press: ? - help, Dir - move target, p - deep elf pyromancer A rock wall.
The wall shatters!
The blast of rock fragments hits the deep elf pyromancer!
The deep elf pyromancer is heavily wounded.
The blast of rock fragments hits the efreet but does no damage.
You hear a shout!
You hear an angry buzzing noise.
You hear a croak.
You hear two shouts!
Unknown command.
Unknown command.
Unknown command.
Unknown command.
Unknown command.
The deep elf pyromancer gestures wildly while chanting.
The deep elf pyromancer mumbles some strange words.
The deep elf pyromancer blinks!
The efreet gestures at you. The bolt of fire hits you!!
* * * LOW HITPOINT WARNING * * *
There is a stone staircase leading up here.
The efreet gestures at you. The bolt of fire hits you!!
You die...

#.# #.# #.# .##
#.# ...
#.#######.# #..
#.......#.# #.#
#######†#.### #.#
#@....# #.#
#e#E#R###.#####.#
#...☼°○.........#
#.#.#.###°#####..
#.....##..☼e).##.#
###.####..†.R)....
#.# #..###☼####
#[# ##.# ☼.. #.#
#.# H..#


You could see a deep elf pyromancer, an efreet and a fire elemental (summoned).

Vanquished Creatures
  A hydra (D:12)
  2 two-headed ogres
  2 cyclopes (D:11)
  A manticore (D:12)
  Joseph (D:7)
  A gargoyle (D:9)
  An unseen horror (D:12)
  A tengu conjurer (D:12)
  A troll (D:10)
  16 yaks
  2 shadows
  A wyvern (D:7)
  3 wraiths
  5 vampire mosquitoes (D:12)
  A steam dragon (D:7)
  An acid dragon (D:9)
  2 orc warriors
  2 black bears
  2 ogres (D:6)
  3 phantoms
  7 centaurs
  2 kobold brigands
  A gnoll sergeant (D:10)
  3 bullfrogs
  2 scorpions
  17 wights
  4 howler monkeys
  3 centaur zombies
  3 hounds
  A jelly (D:7)
  A bullfrog skeleton (D:7)
  A centaur skeleton (D:7)
  5 orc priests
  A gnoll shaman (D:5)
  Ijyb (D:5)
  A scorpion zombie (D:5)
  An iguana (D:5)
  6 orc wizards
  A statue (D:10)
  2 killer bee zombies
  3 adders
  10 gnolls
  An adder zombie (D:5)
  2 worms (D:3)
  2 dart slugs (D:1)
  22 orcs
  7 ball pythons
  3 endoplasms
  4 giant cockroaches
  8 goblins
  5 hobgoblins
  3 jackals
  22 kobolds
  2 quokkas
  3 bats
  7 frilled lizards
  9 rats
225 creatures vanquished.

Vanquished Creatures (collateral kills)
  A troll (D:11)
1 creature vanquished.

Grand Total: 226 creatures vanquished

Notes
Turn   | Place    | Note
-------+----------+-------------------------------------------
     0 | D:1      | Rinkler the Gargoyle Earth Elementalist began the quest for
                  | the Orb.
     0 | D:1      | Reached XP level 1. HP: 10/10 MP: 3/3
   310 | D:1      | Reached XP level 2. HP: 6/15 MP: 3/5
   492 | D:1      | Reached skill level 4 in Earth Magic
   971 | D:1      | Found a faded altar of an unknown god.
  1337 | D:1      | Reached XP level 3. HP: 19/19 MP: 6/6
  1341 | D:1      | Learned a level 3 spell: Stone Arrow
  1352 | D:1      | Found Hent's Antique Weapon Shoppe.
  1706 | D:1      | You fall into a shaft and drop 1 floor!
  2056 | D:2      | Identified the Papyrus of Intoxication and Companions
  3461 | D:3      | Reached skill level 1 in Conjurations
  3605 | D:3      | Reached XP level 4. HP: 24/24 MP: 8/8
  3862 | D:3      | Reached skill level 5 in Earth Magic
  3862 | D:3      | Reached XP level 5. HP: 15/28 MP: 1/9
  4132 | D:3      | Identified a scroll of acquirement
  4132 | D:3      | Acquired the amulet of the Tarantula {RegenMP rPois rC-
                  | MP+9 Slay+4}
  4405 | D:3      | Found a snail-covered altar of Cheibriados.
  4834 | D:4      | Learned a level 5 spell: Lee's Rapid Deconstruction
  4975 | D:4      | Noticed a black bear
  4983 | D:4      | Killed a black bear
  5067 | D:4      | Found a shadowy altar of Dithmenos.
  5086 | D:4      | Reached XP level 6. HP: 7/32 MP: 11/11
  6041 | D:5      | Entered Level 5 of the Dungeon
  6121 | D:5      | Found a broken altar of Ashenzari.
  6262 | D:5      | Reached skill level 6 in Earth Magic
  6292 | D:5      | Found a staircase to the Ecumenical Temple.
  6304 | Temple   | Entered the Ecumenical Temple
  6694 | D:5      | Reached XP level 7. HP: 11/36 MP: 6/13
  7019 | D:5      | Identified the ring "Hegutt" {Will+ Int+3 Stlth+}
  7570 | D:5      | Found an opulent altar of Gozag.
  7608 | D:5      | Found a glowing silver altar of Zin.
  7821 | D:5      | Noticed Ijyb
  7832 | D:5      | Killed Ijyb
  8064 | D:6      | Reached skill level 1 in Fighting
  8064 | D:6      | Reached skill level 1 in Maces & Flails
  8064 | D:6      | Reached skill level 1 in Armour
  8064 | D:6      | Reached XP level 8. HP: 28/43 MP: 15/15
  8178 | D:6      | Reached skill level 1 in Evocations
  8314 | D:6      | Reached skill level 5 in Spellcasting
  8314 | D:6      | Reached skill level 7 in Earth Magic
  8744 | D:6      | Reached skill level 5 in Conjurations
  9179 | D:7      | Noticed Joseph
  9198 | D:7      | HP: 1/45 [Joseph/+0 quarterstaff (14)]
  9199 | D:7      | Killed Joseph
  9200 | D:7      | Reached XP level 9. HP: 1/50 MP: 10/17
 10325 | D:8      | Noticed a two-headed ogre
 10332 | D:8      | Killed a two-headed ogre
 10333 | D:8      | Reached skill level 8 in Earth Magic
 10448 | D:8      | Found a staircase to the Lair.
 10819 | D:9      | Reached XP level 10. HP: 40/56 MP: 19/19
 11207 | D:9      | Found a transporter.
 11271 | D:9      | Noticed a moth of wrath
 11271 | D:9      | Noticed a two-headed ogre
 11274 | D:9      | Noticed a two-headed ogre
 11274 | D:9      | Noticed a tengu warrior
 11275 | D:9      | Found a bloodstained altar of Trog.
 11275 | D:9      | Noticed rayg00n's ghost (journeyman DjWz)
 11371 | D:9      | Found a transporter.
 11408 | D:9      | Noticed a gargoyle
 11411 | D:9      | Killed a gargoyle
 11972 | D:9      | Noticed a two-headed ogre
 11976 | D:9      | Killed a two-headed ogre
 11977 | D:9      | Reached skill level 5 in Fighting
 11977 | D:9      | Reached skill level 5 in Armour
 12003 | D:10     | Entered Level 10 of the Dungeon
 12253 | D:10     | Reached skill level 9 in Earth Magic
 12254 | D:10     | Reached skill level 5 in Maces & Flails
 12254 | D:10     | Reached XP level 11. HP: 44/64 MP: 20/21
 12466 | D:10     | Found a staircase to the Orcish Mines.
 12580 | D:10     | Identified the +5 quarterstaff of Inference {vamp, Contam
                  | MP+9 Str-2 Int+7}
 12718 | D:10     | Found a radiant altar of Vehumet.
 12735 | D:10     | Became a worshipper of Vehumet
 13056 | D:11     | Noticed a cyclops
 13061 | D:11     | Killed a cyclops
 13144 | D:11     | Noticed a cyclops
 13153 | D:11     | Killed a cyclops
 13174 | D:11     | Found a sacrificial altar of Ru.
 13295 | D:11     | Learned a level 6 spell: Iron Shot
 13301 | D:11     | Learned a level 5 spell: Bolt of Magma
 13988 | D:12     | Reached skill level 5 in Evocations
 14120 | D:12     | Reached skill level 5 in Dodging
 14120 | D:12     | Noticed a manticore
 14120 | D:12     | Noticed a four-headed hydra
 14130 | D:12     | Killed a four-headed hydra
 14133 | D:12     | Killed a manticore
 14137 | D:12     | Noticed a deep elf pyromancer
 14155 | D:12     | Killed from afar by an efreet

Illustrated notes

Levels and vault maps discovered:
D:1:      kilobyte_arrival_exit_the_forest, layout_basic, serial_shops,
          nicolae_shop_temple_entry_statues_fountains, basic_ecumenical_altar
D:2:      layout_basic
D:3:      layout_basic, lemuel_doored_altar, roderic_roman_lattice
D:4:      layout_basic, nicolae_overflow_crystal_walls
D:5:      layout_cave_pods, pdpol_temple_overflow_zin_treasury_gozag_greed,
          amcnicky_altar_gilded, minmay_temple_entry_arrows, uniq_ijyb
D:6:      layout_loops_cross, grunt_decor_mini_mirrors,
          kennysheep_generic_room_12
D:7:      layout_loops_corners, uniq_joseph
D:8:      layout_basic, dpeg_oklobed_lair
D:9:      layout_irregular_city, gammafunk_ghost_wrathful_warriors,
          minmay_misc_feat_pillars
D:10:     layout_irregular_city, vehumet_statue, orc_0_dummy
D:11:     layout_roguey, nicolae_ru_great_annihilating_truth
D:12:     minmay_the_grid_square_5x5_4x4_mashed
          [minmay_the_grid_square_5x5_two_walls_a,
          minmay_the_grid_square_5x5_fancy_junction,
          minmay_the_grid_square_5x5_tie, minmay_the_grid_square_5x5_tri_point,
          minmay_the_grid_square_5x5_two,
          minmay_the_grid_square_5x5_prize_waves,
          minmay_the_grid_square_5x5_prize_gold,
          minmay_the_grid_square_5x5_minivault,
          minmay_the_grid_square_5x5_tetrominoes,
          minmay_the_grid_square_5x5_prize_monsterx,
          minmay_the_grid_square_5x5_prize_deathbox,
          minmay_the_grid_square_5x5_intrusive_squares,
          minmay_the_grid_square_5x5_inner_i, minmay_the_grid_square_5x5_plus,
          minmay_the_grid_square_5x5_eight_small,
          minmay_the_grid_square_5x5_three_walls], layout_loops_ring,
          gammafunk_ghost_necromancy, special_room [special_room_orc],
          serial_shops, nicolae_shop_waterfront, minmay_crystal_room
Temple:   regret_index_temple_sphere_string

Skill      XL: |  1  2  3  4  5  6  7  8  9 10 11 |
---------------+----------------------------------+-----
Earth Magic    | 4 5 6 7 8 9 |  9.8
Conjurations   | 1 2 3 4 5 6 7 8 |  8.1
Spellcasting   | 3 4 5 6 7 |  7.4
Fighting       | 1 3 4 5 6 |  6.5
Maces & Flails | 1 2 3 5 6 |  6.1
Armour         | 1 3 4 5 6 |  6.0
Dodging        | 2 3 4 5 |  5.2
Evocations     | 2 3 4 5 |  5.4
Stealth        | |  2.1
Transmutations | |  0.7

Action                   |  1- 3 |  4- 6 |  7- 9 | 10-12 || total
-------------------------+-------+-------+-------+-------++-------
Melee: Short sword       |   157 |   117 |       |       ||   274
       Unarmed           |     5 |       |       |       ||     5
       Whip              |       |       |   122 |   188 ||   310
 Cast: Sandblast         |    17 |    28 |    26 |    23 ||    94
       Lee's Rapid Decon |       |     2 |     2 |    28 ||    32
       Stone Arrow       |       |       |    23 |    22 ||    45
Evoke: Wand              |       |       |     3 |       ||     3
       Lightning rod     |       |       |       |     1 ||     1
  Use: Scroll            |     8 |     3 |     7 |     6 ||    24
       Potion            |       |     2 |       |     1 ||     3
 Stab: Sleeping          |     5 |     4 |     3 |     2 ||    14
       Distracted        |       |       |     1 |       ||     1
Armor: Robe              |    51 |    52 |    47 |       ||   150
       Steam dragon scal |       |       |    26 |   112 ||   138
Dodge: Dodged            |    80 |    69 |    91 |   153 ||   393

Table legend: (Time is in decaauts)
 A = Elapsed time spent in this place.
 B = Non-inter-level travel time spent in this place.
 C = Inter-level travel time spent in this place.
 D = Time resting spent in this place.
 E = Time spent auto-exploring this place.
 F = Levels seen in this place.
 G = Mean time per level.
                   A        B        C        D        E       F      G
               +--------+--------+--------+--------+--------+-----+--------+
         Total |  14195 |  13856 |    339 |    659 |  11342 |  13 | 1091.9 |
       Dungeon |  14016 |  13707 |    309 |    659 |  11193 |  12 | 1168.0 |
        Temple |    179 |    149 |     30 |      0 |    149 |   1 |  179.0 |
               +--------+--------+--------+--------+--------+-----+--------+

Top non-repeatable levels by time:
     D:1: 1952 daAuts
     D:5: 1792 daAuts
     D:2: 1490 daAuts
     D:3: 1405 daAuts
     D:4: 1233 daAuts
     D:9: 1226 daAuts
     D:7: 1184 daAuts
    D:10: 1035 daAuts
     D:6: 966 daAuts
    D:11: 951 daAuts
     D:8: 605 daAuts
  Temple: 179 daAuts
    D:12: 173 daAuts
